Map: Ghost River LE

Players

Oliveira

  • Race: Terran Terran
  • Spawn Location: 1:00

SKillous - Winner!

  • Race: Protoss Protoss
  • League: Grandmaster
  • Spawn Location: 11:00

Event: Bellum Gens Elite Stara Zagora 2024

VOD

Have the link to the VOD?

Description

Time

  • Played on: Sept. 6, 2024, 8:12 a.m.
  • Length: 22:27

All games in this series

Show
View Real Time Build Order
Export as new Build Order

Oliveira Terran 

Build Orders: Reaper Expand 

Get SALT Encoding   

  12  0:00  SCV  
  13  0:12  SCV  
  14  0:17  Supply Depot  
  14  0:25  SCV  
  15  0:38  SCV  
  15  0:41  Barracks  
  16  0:44  Refinery  
  16  0:51  SCV  
  17  1:03  SCV  
  18  1:15  SCV  
  19  1:28  Reaper  
  19  1:29  Orbital Command  
  20  1:40  Command Center  
  20  1:50  Supply Depot  
  20  1:54  SCV  
  20  2:00  Marine  
  22  2:07  SCV  
  23  2:15  Bunker  
  23  2:19  SCV, Barracks Reactor  
  24  2:28  Command Center  
  24  2:31  SCV  
  25  2:41  Barracks  
  24  2:47  SCV  
  24  2:56  Marine x2  
  25  3:01  SCV  
  26  3:06  Orbital Command  
  26  3:12  Barracks  
  26  3:13  SCV  
  26  3:14  Orbital Command  
  26  3:15  Marine  
  26  3:16  Marine  
  29  3:25  SCV  
  30  3:29  Barracks Tech Lab  
  30  3:34  Marine x2  
  30  3:37  SCV  
  30  3:39  SCV  
  34  3:41  Orbital Command  
  34  3:49  SCV  
  34  3:51  SCV  
  34  3:52  Marine x2, Stimpack  
  38  3:58  Marine  
  38  4:00  Barracks Tech Lab  
  38  4:02  SCV  
  40  4:03  SCV  
  40  4:04  Refinery  
  40  4:08  SCV  
  42  4:11  Marine, Marauder  
  42  4:14  SCV  
  42  4:16  SCV  
  47  4:19  Engineering Bay  
  47  4:20  Combat Shield, SCV  
  47  4:21  Marine  
  49  4:24  Marine  
  49  4:26  SCV  
  49  4:28  SCV  
  49  4:29  Supply Depot  
  49  4:31  Marine  
  53  4:32  SCV  
  53  4:36  Marauder  
  53  4:38  SCV  
  57  4:40  SCV  
  57  4:43  Refinery  
  58  4:47  Missile Turret  
  58  4:48  SCV, Missile Turret  
  58  4:50  SCV  
  59  4:53  SCV  
  54  5:00  SCV  
  54  5:02  Terran Infantry Weapons Level 1, SCV  
  54  5:05  SCV  
  53  5:16  SCV  
  54  5:22  Factory  
  54  5:23  SCV  
  54  5:28  Supply Depot, SCV  
  54  5:31  Marine  
  54  5:32  SCV  
  54  5:33  Marine  
  58  5:37  SCV  
  58  5:39  Marine  
  58  5:40  SCV  
  61  5:44  SCV  
  61  5:46  Supply Depot  
  61  5:49  SCV  
  63  5:53  SCV, Marine x2  
  68  5:57  Marauder  
  68  6:02  SCV x2  
  70  6:06  Factory Reactor  
  70  6:08  Starport  
  70  6:12  Concussive Shells, Marauder, SCV  
  70  6:18  Marine x2  
  70  6:19  Marauder  
  70  6:20  SCV  
  70  6:25  Supply Depot, Orbital Command  
  74  6:31  SCV  
  75  6:33  Barracks  
  75  6:36  SCV  
  75  6:37  Barracks  
  75  6:39  Refinery  
  76  6:44  SCV, Marauder x2  
  81  6:48  Supply Depot  
  81  6:50  Factory Tech Lab  
  81  6:52  Medivac x2  
  81  6:53  SCV  
  81  6:54  SCV  
  87  6:59  Marine x2, Terran Infantry Armor Level 1  
  87  7:01  SCV  
  90  7:03  Orbital Command  
  90  7:05  Missile Turret  
  90  7:06  SCV  
  92  7:09  Supply Depot  
  92  7:10  Siege Tank  
  92  7:13  SCV  
  94  7:18  Marauder x2  
  94  7:19  Supply Depot  
  94  7:21  Barracks Reactor  
  98  7:24  Barracks Tech Lab  
  98  7:25  Marine x2  
  97  7:32  Supply Depot  
  97  7:33  Ghost Academy  
  96  7:39  Marine, Marauder  
  96  7:41  Liberator  
  96  7:43  Marine  
  96  7:44  Marine x2  
  103  7:49  Siege Tank  
  107  7:55  SCV  
  110  8:02  Orbital Command, Marine x2, Medivac  
  110  8:03  Ghost  
  114  8:06  Marine, Ghost  
  114  8:10  Supply Depot  
  114  8:12  Supply Depot  
  117  8:14  SCV, Marine  
  117  8:15  SCV  
  117  8:19  Orbital Command  
  120  8:24  Widow Mine  
  120  8:26  SCV, Marine  
  120  8:27  Marine  
  121  8:29  SCV  
  121  8:32  Marine x2  
  121  8:33  Marauder  
  128  8:39  SCV  
  128  8:41  SCV  
  130  8:43  Supply Depot, Marauder  
  130  8:45  SCV  
  133  8:50  Missile Turret  
  133  8:51  SCV  
  133  8:52  Ghost  
  133  8:54  Marine  
  138  8:55  SCV  
  138  8:57  SCV  
  139  9:02  Marine  
  139  9:03  Supply Depot x2  
  139  9:06  Widow Mine  
  139  9:07  Marauder  
  139  9:08  Marine  
  139  9:09  SCV  
  146  9:12  Marine x2  
  146  9:14  SCV x2  
  150  9:19  Armory  
  150  9:20  Engineering Bay  
  150  9:22  Marauder  
  152  9:24  Marine x2  
  152  9:27  Widow Mine  
  152  9:30  Refinery x2  
  156  9:37  Viking x2  
  156  9:38  Marine x2  
  156  9:54  Missile Turret  
  156  9:58  Widow Mine  
  156  9:59  SCV x2  
  158  10:00  Command Center  
  158  10:08  Terran Infantry Armor Level 2, Terran Infantry Weapons Level 2  
  158  10:10  Missile Turret, Viking  
  158  10:11  Viking  
  158  10:13  Drilling Claws  
  162  10:19  Supply Depot  
  162  10:20  Ghost  
  164  10:21  Ghost  
  164  10:25  Marauder  
  170  10:30  Widow Mine  
  170  10:41  Missile Turret  
  170  10:42  Sensor Tower  
  170  10:47  Terran Ship Weapons Level 1  
  170  10:49  Marine x2, Marauder x2  
  164  10:50  Marine, Viking  
  164  10:51  Viking  
  164  10:53  Marauder  
  164  10:56  Widow Mine  
  171  11:11  Marauder  
  173  11:12  Barracks  
  173  11:14  Barracks x2  
  173  11:18  Supply Depot  
  173  11:19  Marauder x2  
  173  11:20  Widow Mine  
  169  11:26  SCV x2  
  169  11:30  SCV  
  172  11:32  Marauder  
  172  11:33  Marine x3  
  173  11:40  Marauder  
  173  11:41  Marauder  
  173  11:43  Medivac x2  
  181  11:48  Personal Cloaking  
  181  11:50  Missile Turret  
  183  11:54  Marauder  
  183  11:59  SCV x2, Factory Reactor  
  185  12:04  Barracks Tech Lab  
  185  12:05  Barracks Tech Lab x2  
  185  12:07  Marauder  
  187  12:09  Missile Turret  
  187  12:12  Planetary Fortress  
  174  12:25  Marine x3, Marauder  
  174  12:26  Marine x2, Marauder x2  
  155  12:30  Marine  
  138  12:38  Medivac  
  138  12:42  Marine  
  138  12:43  Marine x3  
  131  12:44  Marauder  
  131  12:46  Marine  
  131  12:47  Marauder  
  131  12:48  Terran Infantry Weapons Level 3  
  131  12:49  SCV x2  
  130  12:53  SCV  
  130  12:56  Marauder  
  132  12:59  Marauder  
  132  13:00  SCV  
  132  13:02  SCV  
  132  13:05  Marauder  
  138  13:06  SCV  
  137  13:14  Marauder x2  
  137  13:15  Marine x2  
  137  13:16  Marauder  
  137  13:17  Marine  
  146  13:20  Widow Mine  
  146  13:25  Widow Mine  
  150  13:27  SCV  
  150  13:29  Medivac x2  
  150  13:30  Ghost  
  150  13:33  SCV  
  155  13:34  Ghost  
  155  13:37  Ghost  
  159  13:41  Terran Infantry Armor Level 3  
  159  13:51  Marauder  
  159  13:52  Command Center  
  159  13:53  Marauder  
  159  13:55  Widow Mine  
  163  13:59  Ghost, Widow Mine  
  162  14:05  Ghost  
  162  14:08  Marauder x2  
  168  14:11  Sensor Tower  
  168  14:13  Medivac x2  
  168  14:15  Marauder  
  174  14:18  Terran Ship Weapons Level 2  
  174  14:21  SCV x3  
  177  14:26  Marauder  
  177  14:28  Marauder  
  181  14:32  Missile Turret  
  181  14:33  Marine, Marauder x2  
  186  14:38  Widow Mine  
  186  14:39  Widow Mine  
  186  14:40  Marauder  
  186  14:42  Marauder  
  186  14:45  Marine  
  193  14:50  Fusion Core, Starport  
  193  14:52  SCV  
  195  14:57  Refinery  
  195  15:00  Refinery  
  195  15:01  Marauder x2  
  195  15:05  Widow Mine  
  196  15:08  Marine  
  196  15:09  Marine, Marauder  
  196  15:13  Marine, Marauder  
  190  15:14  Ghost  
  190  15:20  Ghost  
  182  15:21  Ghost  
  182  15:25  Ghost  
  174  15:31  Ghost  
  174  15:33  Medivac  
  174  15:37  SCV  
  179  15:43  SCV x2, Widow Mine x2  
  179  15:45  Advanced Ballistics, Starport Reactor  
  179  15:48  Marauder  
  179  15:49  Marine  
  184  15:51  Marine  
  184  15:52  Marine  
  184  15:55  Marine  
  172  16:05  Marauder  
  172  16:07  Marauder  
  173  16:12  Marine  
  173  16:13  Marine  
  173  16:16  Liberator x2, Widow Mine x2  
  183  16:18  Planetary Fortress  
  183  16:25  Marauder x2  
  185  16:26  SCV  
  182  16:36  Liberator  
  182  16:37  Liberator  
  176  16:40  SCV  
  176  16:43  Marauder x2  
  176  16:45  SCV  
  184  16:47  SCV x2, Widow Mine x2  
  184  16:50  Missile Turret  
  185  16:55  Marine, Marauder  
  185  16:57  Marine x2  
  185  16:58  Marauder  
  185  17:03  Marine x2, Marauder  
  185  17:05  Liberator  
  189  17:08  SCV  
  189  17:09  SCV, Marine  
  189  17:10  Marauder  
  166  17:16  Marine x2  
  166  17:17  Marauder  
  166  17:19  Marauder  
  166  17:20  Liberator, Widow Mine  
  169  17:23  Liberator  
  169  17:28  Marine x2  
  169  17:29  Marauder  
  168  17:32  Marauder  
  168  17:34  Marauder  
  168  17:35  Marauder  
  168  17:36  Marine  
  174  17:38  Widow Mine  
  174  17:44  Liberator  
  179  17:47  Marine, Ghost  
  179  17:48  Marauder  
  179  17:49  Marine  
  164  17:53  Widow Mine  
  164  17:55  Marine  
  164  17:56  Marauder  
  154  17:59  Widow Mine  
  154  18:00  SCV  
  154  18:01  SCV  
  154  18:02  Marine  
  154  18:03  Marauder  
  143  18:06  SCV  
  143  18:07  Marine x2  
  143  18:09  SCV  
  143  18:11  SCV  
  133  18:13  SCV  
  133  18:14  Marine, Widow Mine  
  133  18:18  Marine  
  130  18:21  Widow Mine  
  130  18:22  Marauder  
  130  18:26  Marine x2, Marauder  
  133  18:33  Marine  
  123  18:34  Liberator  
  123  18:35  Liberator  
  123  18:36  Widow Mine  
  117  18:42  Marine x2  
  117  18:43  Marauder  
  117  18:45  Marine x2, Marauder  
  118  18:49  Liberator  
  118  18:51  Marauder  
  118  18:53  Liberator  
  118  18:55  Widow Mine  
  112  18:58  Marine x2  
  107  19:06  SCV  
  107  19:07  Marine x2, Marauder  
  107  19:09  SCV x2, Widow Mine  
  114  19:10  Marine  
  114  19:16  Widow Mine  
  117  19:17  Marauder  
  117  19:19  Ghost  
  117  19:21  Ghost  
  118  19:25  Marine x2  
  118  19:30  SCV, Widow Mine  
  123  19:33  Marauder  
  123  19:34  SCV  
  123  19:38  Marine x2  
  127  19:41  Orbital Command  
  127  19:45  Widow Mine  
  129  19:47  Liberator  
  129  19:50  SCV  
  129  19:51  SCV  
  133  20:00  Marine x3, Marauder x2  
  133  20:02  Marauder  
  133  20:03  SCV  
  143  20:07  Marauder  
  145  20:16  SCV x2  
  147  20:23  Marauder x2  
  147  20:25  Marauder  
  147  20:26  SCV  
  153  20:31  Marauder  
  153  20:34  Widow Mine  
  153  20:35  Widow Mine  
  159  20:37  Marauder  
  161  20:43  Refinery x2  
  155  20:58  Marauder  
  155  21:00  Liberator x2  
  162  21:04  Supply Depot  
  166  21:11  Missile Turret  
  166  21:13  Ghost x2  
  166  21:17  Ghost  
  168  21:19  Marine  
  168  21:23  Ghost  
  168  21:35  Ghost  
  168  21:38  Widow Mine  
  164  21:44  Marine x2, Marauder x2  
  160  21:53  Marine x2  
  160  21:54  Marine, Marauder x2  
  134  22:02  Marine x2  
  134  22:04  Marauder  
  134  22:05  Marine x2  
Show
View Real Time Build Order
Export as new Build Order

SKillous Protoss - Winner!

Build Orders: 1 Gate Expand, Chargelot Immortal, Dark Templar Rush 

Get SALT Encoding   

  12  0:00  Probe  
  13  0:12  Probe  
  14  0:17  Pylon  
  14  0:24  Probe (Chrono Boost)  
  15  0:36  Probe (Chrono Boost)  
  15  0:37  Gateway  
  16  0:44  Probe (Chrono Boost)  
  16  0:45  Assimilator  
  17  0:50  Probe  
  18  1:03  Probe  
  19  1:15  Probe  
  20  1:23  Cybernetics Core  
  20  1:25  Zealot  
  22  1:36  Nexus  
  22  1:43  Pylon  
  22  1:47  Probe  
  22  1:51  Assimilator  
  23  1:58  Adept (Chrono Boost)  
  25  2:01  Warp Gate  
  25  2:03  Probe  
  26  2:15  Probe  
  26  2:18  Adept (Chrono Boost)  
  29  2:28  Probe  
  29  2:29  Twilight Council  
  30  2:40  Probe (Chrono Boost)  
  31  2:49  Probe (Chrono Boost)  
  31  2:50  Robotics Facility  
  32  2:58  Probe (Chrono Boost)  
  32  2:59  Probe (Chrono Boost)  
  32  3:04  Probe x2 (Chrono Boost)  
  33  3:10  Gateway  
  34  3:16  Probe (Chrono Boost)  
  34  3:17  Dark Shrine  
  36  3:23  Probe (Chrono Boost)  
  36  3:24  Probe (Chrono Boost)  
  37  3:29  Probe  
  37  3:30  Probe  
  39  3:37  Warp Prism (Chrono Boost)  
  41  3:41  Pylon, Probe  
  41  3:42  Probe  
  43  3:53  Gateway, Probe  
  43  3:54  Probe  
  43  3:55  Shield Battery  
  43  3:58  Assimilator  
  43  4:00  Stalker  
  45  4:05  Probe  
  45  4:07  Probe  
  47  4:12  Pylon  
  47  4:13  Observer  
  47  4:14  Assimilator  
  48  4:17  Probe  
  48  4:19  Probe  
  50  4:28  Pylon  
  50  4:29  Probe  
  50  4:30  Dark Templar x2  
  50  4:31  Probe  
  56  4:34  Shield Battery  
  56  4:42  Probe  
  57  4:56  Probe  
  57  4:58  Immortal (Chrono Boost)  
  58  5:02  Charge (Chrono Boost)  
  58  5:03  Stalker x3  
  58  5:06  Probe  
  69  5:13  Gateway  
  67  5:14  Gateway  
  67  5:20  Pylon  
  65  5:27  Immortal (Chrono Boost)  
  65  5:34  Pylon  
  69  5:40  Nexus  
  69  5:41  Sentry  
  69  5:42  Sentry  
  73  5:44  Sentry  
  73  5:45  Probe  
  73  5:48  Pylon  
  73  5:49  Probe  
  77  5:58  Probe  
  77  5:59  Immortal (Chrono Boost)  
  82  6:05  Probe  
  82  6:10  Probe  
  82  6:12  Pylon  
  82  6:18  Zealot, Probe  
  83  6:24  Forge  
  85  6:33  Dark Templar  
  85  6:34  Zealot x3  
  85  6:36  Blink (Chrono Boost)  
  91  6:40  Pylon  
  91  6:47  Probe x2  
  91  6:49  Observer  
  91  6:51  Gateway  
  91  6:52  Immortal (Chrono Boost)  
  97  6:54  Gateway  
  97  6:58  Protoss Ground Weapons Level 1  
  97  7:00  Gateway  
  97  7:03  Probe x2  
  97  7:08  Pylon  
  99  7:12  Sentry x2  
  99  7:13  Zealot x2  
  99  7:14  Zealot  
  109  7:17  Probe  
  109  7:18  Probe  
  109  7:20  Probe  
  109  7:22  Pylon  
  112  7:27  Immortal (Chrono Boost)  
  112  7:30  Observer  
  112  7:32  Pylon  
  112  7:34  Robotics Bay  
  112  7:36  Probe  
  117  7:37  Observer  
  117  7:39  Pylon, Probe  
  118  7:51  Pylon  
  118  7:52  Probe  
  118  7:53  Assimilator, Probe  
  118  7:55  Robotics Facility  
  120  7:58  Assimilator  
  120  8:05  Observer (Chrono Boost)  
  121  8:07  Robotics Facility  
  121  8:08  Probe x2  
  123  8:13  Stalker x6, Shield Battery  
  123  8:14  Stalker  
  123  8:16  Zealot  
  123  8:18  Observer  
  139  8:20  Colossus (Chrono Boost)  
  145  8:38  Extended Thermal Lance  
  145  8:39  Pylon  
  144  8:42  Nexus  
  144  8:43  Pylon  
  144  8:45  Pylon  
  144  8:52  Zealot x2  
  144  8:54  Colossus (Chrono Boost)  
  154  9:04  Protoss Ground Weapons Level 2 (Chrono Boost)  
  160  9:13  Forge  
  160  9:14  Colossus (Chrono Boost)  
  160  9:19  Dark Templar  
  162  9:26  Pylon  
  158  9:39  Zealot x6, Dark Templar  
  158  9:43  Pylon  
  172  9:46  Colossus (Chrono Boost)  
  176  9:59  Zealot x5  
  174  10:05  Protoss Ground Armor Level 1 (Chrono Boost)  
  174  10:11  Disruptor (Chrono Boost)  
  178  10:14  Photon Cannon  
  178  10:15  Shield Battery, Probe  
  178  10:16  Probe  
  178  10:18  Photon Cannon  
  180  10:27  Disruptor (Chrono Boost)  
  182  10:33  Disruptor (Chrono Boost)  
  186  10:38  Stalker x3  
  188  10:45  Gateway  
  188  10:48  Gateway  
  182  10:55  Stalker x2, Zealot x3  
  192  10:58  Disruptor (Chrono Boost)  
  195  11:05  Stalker  
  197  11:13  Nexus  
  197  11:33  Protoss Ground Weapons Level 3 (Chrono Boost)  
  191  11:44  Protoss Ground Armor Level 2 (Chrono Boost)  
  191  11:46  Pylon  
  191  11:53  Gateway  
  191  11:58  Gateway, Nexus  
  191  12:00  Pylon  
  191  12:01  Disruptor, Warp Prism, Gateway  
  195  12:03  Gateway  
  195  12:07  Gateway  
  197  12:09  Gateway  
  181  12:28  Pylon  
  163  12:34  Disruptor (Chrono Boost)  
  163  12:35  Zealot x10  
  151  12:39  Probe x2  
  151  12:40  Probe x2  
  151  12:43  Disruptor (Chrono Boost)  
  118  12:51  Probe x2  
  118  12:52  Probe  
  118  12:54  Stalker  
  118  12:55  Stalker x2  
  118  12:56  Stalker x4  
  131  13:01  Probe  
  131  13:02  Disruptor  
  131  13:03  Probe  
  137  13:12  Stalker x3  
  145  13:13  Zealot  
  145  13:15  Disruptor (Chrono Boost)  
  147  13:26  Stalker x2  
  137  13:35  Disruptor (Chrono Boost)  
  137  13:36  Zealot  
  137  13:37  Zealot x7  
  157  13:42  Shield Battery  
  161  13:52  Disruptor (Chrono Boost)  
  158  14:02  Shadow Stride  
  158  14:03  Disruptor (Chrono Boost), Protoss Shields Level 1 (Chrono Boost)  
  162  14:10  Shield Battery  
  162  14:11  Photon Cannon  
  162  14:12  Protoss Ground Armor Level 3 (Chrono Boost)  
  162  14:13  Probe x4  
  162  14:15  Probe  
  162  14:16  Probe  
  168  14:20  Pylon  
  168  14:21  Disruptor (Chrono Boost), Stalker x2  
  176  14:36  Disruptor (Chrono Boost)  
  178  14:43  Stalker, Sentry  
  178  14:44  Stalker x7  
  196  14:49  Photon Cannon  
  194  14:55  Warp Prism  
  144  15:31  Disruptor (Chrono Boost)  
  144  15:32  Zealot x15  
  144  15:34  Observer (Chrono Boost)  
  161  15:46  Colossus (Chrono Boost)  
  165  15:58  Zealot x15  
  187  16:05  Disruptor (Chrono Boost)  
  183  16:24  Zealot x8  
  189  16:37  Disruptor (Chrono Boost)  
  161  16:47  Zealot x5  
  161  16:48  Zealot x10  
  161  16:50  Disruptor  
  183  17:07  Colossus  
  181  17:10  Stalker x5, Zealot x6  
  181  17:11  Zealot x2  
  167  17:25  Disruptor  
  163  17:37  Zealot x12  
  165  17:38  Zealot  
  165  17:55  Nexus  
  149  18:01  Observer  
  149  18:02  Zealot x5, Observer  
  149  18:03  Zealot, Stalker x5  
  149  18:04  Stalker x2  
  149  18:05  Zealot  
  150  18:14  Disruptor  
  150  18:18  Observer  
  123  18:36  Stalker x2  
  123  18:37  Stalker, Zealot x12  
  123  18:38  Disruptor  
  120  18:59  Stalker x3  
  120  19:00  Zealot x10  
  142  19:04  Pylon  
  137  19:17  Disruptor  
  137  19:32  Zealot x14  
  137  19:33  Zealot  
  137  19:35  Disruptor  
  171  19:40  Assimilator  
  171  19:43  Shield Battery  
  171  19:44  Assimilator  
  171  19:47  Assimilator x2  
  169  20:06  Zealot x12  
  193  20:07  Zealot x3  
  185  20:22  Colossus x2 (Chrono Boost)  
  187  20:35  Zealot x3  
  187  20:36  Zealot x3  
  187  20:42  Shield Battery  
  199  20:43  Photon Cannon  
  199  20:44  Pylon  
  199  20:45  Photon Cannon  
  199  20:46  Photon Cannon  
  199  20:49  Pylon  
  189  21:02  Stalker x5  
  183  21:07  Pylon  
  183  21:09  Photon Cannon  
  183  21:10  Colossus (Chrono Boost)  
  183  21:11  Photon Cannon  
  188  21:28  Zealot x7  
  195  21:38  Zealot x4  
  195  21:39  Pylon  
  197  21:51  Stalker x5  
  177  22:04  Stalker x4  
  177  22:05  Zealot x2  
Tags
 
Add a new tag
Caveats
  • Supply blocks, unpowered buildings, or Contaminate may cause inaccurate times.
  • Supply counts are checked every 10 seconds.